 Dungeon Crawl Stone Soup version 0.18-a0-1408-g69e564c (webtiles) character file.

2353318 OkrshikAutist the Conqueror (level 27, 273/273 HPs)
             Began as a Hill Orc Gladiator on Feb 24, 2016.
             Was the Champion of Makhleb.
             Escaped with the Orb
             ... and 4 runes on Feb 25, 2016!
             The game lasted 04:17:25 (70681 turns).

OkrshikAutist the Conqueror (Hill Orc Gladiator)   Turns: 70681, Time: 04:17:25

Health: 273/273    AC: 38    Str: 29    XL:     27
Magic:  27/27      EV: 22    Int: 17    God:    Makhleb [******]
Gold:   4240       SH:  9    Dex: 17    Spells: 7 memorised, 24 levels left

rFire  + + +     SeeInvis +     n - +4 broad axe of the Unspeakable One {flame, MR+}
rCold  + + +     Gourm    .     Z - +8 fire dragon armour
rNeg   . . .     Faith    .     h - +1 buckler {reflect}
rPois  +         Spirit   .     j - +2 hat "Haele" {rCorr Int+3 Dex+3 Stlth+}
rElec  +         Dismiss  .     y - +4 dragonskin cloak
rCorr  +         Reflect  +     W - +2 pair of gloves {Str+3}
SustAt .         Harm     .     o - +1 pair of boots {run}
MR     ++++.                    P - amulet of regeneration
Stlth  +.........               O - ring of Atheism {*Drain rF- rC+++ MR+ Int+6}
                                N - ring of Winter {rPois rC+ SInv}

@: very slightly contaminated, quick, incredibly resistant to hostile
enchantments, very unstealthy
A: claws 1, iridescent scales 1, clumsy 1, deformed body, deterioration 2, fire
resistance 1, low mp 3, electricity resistance, slow regeneration 2, subdued
magic 1
a: Minor Destruction, Lesser Servant of Makhleb, Major Destruction, Greater
Servant of Makhleb, Renounce Religion
0: Orb of Zot
}: 4/15 runes: barnacled, slimy, silver, gossamer


You escaped.
You worshipped Makhleb.
Makhleb was exalted by your worship.
You were full.

You visited 12 branches of the dungeon, and saw 61 of its levels.
You visited 2 bazaars.
You also visited: Trove and Ice Cave.

You collected 10884 gold pieces.
You spent 6644 gold pieces at shops.

Inventory:

Hand Weapons
 n - the +4 broad axe of the Unspeakable One (weapon) {flame, MR+}
   (You acquired it on level 13 of the Dungeon)

   It has been specially enchanted to burn those struck by it, causing extra
   injury to most foes and up to half again as much damage against particularly
   susceptible opponents.
   Big, fiery blades are also staple armaments of hydra-hunters.
   It affects your resistance to hostile enchantments.
Armour
 h - a +1 buckler of reflection (worn)
 j - the +2 hat "Haele" (worn) {rCorr Int+3 Dex+3 Stlth+}
   (You bought it in a shop in a bazaar)

   It affects your intelligence (+3).
   It affects your dexterity (+3).
   It protects you from acid and corrosion.
   It makes you more stealthy.
 o - a +1 pair of boots of running (worn)
 y - the +4 dragonskin cloak (worn)
   (You took it off Tiamat on level 4 of the Realm of Zot)
 W - a +2 pair of gloves of strength (worn)
 Z - a +8 fire dragon armour (worn)
Jewellery
 u - a +4 amulet of reflection
 N - the ring of Winter (left hand) {rPois rC+ SInv}
   (You took it off a vault warden on level 2 of the Vaults)

   [ring of protection from cold]

   It protects you from cold.
   It protects you from poison.
   It lets you see invisible.
 O - the ring of Atheism (right hand) {*Drain rF- rC+++ MR+ Int+6}
   (You found it on level 3 of the Spider Nest)

   [ring of protection from magic]

   It affects your intelligence (+6).
   It makes you vulnerable to fire.
   It renders you almost immune to cold.
   It affects your resistance to hostile enchantments.
   It causes draining when unequipped.
 P - an amulet of regeneration (around neck)
Wands
 c - a wand of heal wounds (8/9)
 k - a wand of teleportation (8/9)
 w - a wand of digging (15/24)
 H - a wand of teleportation (7/9)
Scrolls
 b - 7 scrolls of holy word
 e - 6 scrolls of summoning
 g - 2 scrolls of recharging
 i - 5 scrolls of teleportation
 B - 2 scrolls of blinking
 C - 7 scrolls of fog
 D - 24 scrolls of identify
 E - 3 scrolls of silence
 I - 23 scrolls of remove curse
 L - 9 scrolls of fear
 V - a scroll of magic mapping
Potions
 a - 4 potions of heal wounds
 q - 3 potions of ambrosia
 r - a potion of lignification
 v - 4 potions of haste
 x - 14 potions of agility
 A - 11 potions of brilliance
 J - 4 potions of berserk rage
 K - 11 potions of cancellation
 Q - 28 potions of curing
 R - 9 potions of flight
 S - 3 potions of invisibility
 T - 5 potions of magic
 U - 8 potions of might
 Y - 11 potions of resistance
Comestibles
 f - 30 bread rations
 l - 21 beef jerkies
 m - 10 meat rations
 t - 6 slices of pizza
 F - 28 fruits
 X - 8 royal jellies


   Skills:
 O Level 27 Fighting
 - Level 18.2 Axes
 - Level 1.7 Throwing
 + Level 21.4 Armour
 - Level 16.0 Dodging
 - Level 14.0 Shields
 - Level 12.0 Spellcasting
 - Level 11.0 Hexes
 - Level 17.0 Charms
 - Level 12.1 Air Magic
 - Level 19.0 Invocations
 - Level 5.2 Evocations


You had 24 spell levels left.
You knew the following spells:

 Your Spells              Type           Power        Failure   Level  Hunger
a - Haste                 Chrm           #####...     1%          6    ######.
b - Song of Slaying       Chrm           #####...     0%          2    None
c - Spectral Weapon       Hex/Chrm       #####...     0%          3    None
d - Regeneration          Chrm/Necr      ####......   1%          3    None
e - Silence               Hex/Air        ####......   1%          5    ####...
f - Deflect Missiles      Chrm/Air       #####.....   1%          6    ######.
g - Apportation           Tloc           #.........   5%          1    None


Dungeon Overview and Level Annotations

Branches:
Dungeon (15/15)            Temple (1/1) D:4            Lair (8/8) D:11
 Shoals (4/4) Lair:4       Spider (4/4) Lair:6        Slime (6/6) Lair:8
    Orc (2/2) D:12            Elf (3/3) Orc:2        Vaults (5/5) D:13
  Crypt (3/3) Vaults:2       Tomb (0/3) Crypt:3      Depths (5/5) D:15
    Zot (5/5) Depths:5

Altars:
Ashenzari
Cheibriados
Dithmenos
Elyvilon
Fedhas
Gozag
Kikubaaqudgha
Makhleb
Nemelex Xobeh
Okawaru
Pakellas
Qazlal
Ru
Sif Muna
Trog
Vehumet
Xom
Yredelemnul
Zin
The Shining One
Beogh
Jiyva

Shops:
D:11 :   D:13 *   Orc:2 =*%[}*:(   Elf:1 (*?}   Shoals:4 *
Vaults:5 !%!?%???!(*}[   Depths:2 [

Portals:
Hell: Depths:1 Depths:2 Depths:3 Depths:5
Pandemonium: Depths:3 Depths:5

Annotations:
Vaults:1 Mennas
Vaults:4 exclusion: door, Xtahua
Zot:1 exclusion: oklob plant


Innate Abilities, Weirdness & Mutations

You have sharp fingernails.
You are partially covered in iridescent scales (AC +4).
You are clumsy. (Dex -2)
Armour fits poorly on your strangely shaped body.
Your body often deteriorates upon taking damage.
Your flesh is heat resistant.
Your magical capacity is extremely low (-30% MP).
You are resistant to electric shocks.
You do not regenerate naturally when monsters are visible.
Your spells are a little easier to cast, but a little less powerful.


Message History

Magic restored.
There is a stone staircase leading up here.
You climb upwards.
There is a stone staircase leading down here.
A shadow demon comes into view.
There is a stone staircase leading up here.
You climb upwards.
There is a stone staircase leading down here.
(D) Dungeon (T) Temple (L) Lair (A) Shoals (N) Spider Nest (M) Slime Pits (O) Orcish Mines (E) Elven Halls (V) Vaults (C) Crypt (W) Tomb (U) Depths (H) Hell (Z) Zot
Where to? (Enter - D:1, ? - help)
An orange demon comes into view.
There is a stone staircase leading up here.
You climb upwards.
There is a stone staircase leading down here.
You see here 26 arrows.
There is a staircase leading out of the dungeon here.
You have escaped!

#####.....# ###########.#
#.###.# ###.### #.# #.##
#####...## #### #.####.###
#........# #... #.##.....###
##........###.##
#####.##..###..###...)##....##.#
.)....#.#..##...#..######...##.#
####...###...##....## ###...##.#
##### ##.....@...###....###.#
######.....#....## #.#
####.....### #.# ############.#
#########........[##.#
#...............#.##.#
#.#######.#######.##.# #.# #.#
#....# #.# #.# ######


There were no monsters in sight!

Vanquished Creatures
  Tiamat (Zot:4)
  Mara (Vaults:2)
  7 orbs of fire
  3 ancient liches
  Sojobo (Crypt:2)
  Margery (Depths:3)
  A Killer Klown (Zot:5)
  Saint Roka (Vaults:4)
  A curse toe (Zot:5)
  Norris (Elf:2)
  7 golden dragons
  A profane servitor (Crypt:3)
  Jory (Crypt:3)
  Arachne (Spider:2)
  2 bone dragons
  3 electric golems
  Jorgrun (Vaults:2)
  5 tentacled monstrosities
  22 Orb Guardians (Zot:5)
  2 deep elf blademasters (Elf:3)
  Asterion (Spider:3)
  5 titans
  2 deep elf master archers (Elf:3)
  15 acid blobs
  7 sphinxes
  Frances (Spider:1)
  An Executioner (D:7)
  4 liches
  3 death cobs
  2 krakens
  4 ancient champions
  6 shadow dragons
  11 tengu reavers
  3 draconian monks
  4 storm dragons
  4 azure jellies
  2 revenants
  Wiglaf (Depths:3)
  9 fire giants
  4 ghost moths
  16 vault wardens
  7 frost giants
  A draconian knight (Zot:4)
  3 emperor scorpions
  Louise (Spider:1)
  An orc warlord (D:12)
  Aizul (Vaults:2)
  A draconian scorcher (Zot:5)
  10 deep elf sorcerers
  2 iron dragons (Vaults:5)
  7 ghouls
  5 draconian zealots
  A curse skull (Crypt:2)
  22 very ugly things
  4 draconian shifters
  19 ironheart preservers
  2 draconian annihilators
  4 deep elf elementalists
  3 war gargoyles (Vaults:5)
  25 stone giants
  4 large abominations
  4 green draconians
  8 deep elf annihilators
  8 vampire knights
  3 salamander stormcallers
  2 draconian callers
  5 black draconians
  6 dire elephants (Lair:8)
  7 white draconians
  9 mottled draconians
  4 red draconians
  7 yellow draconians
  5 purple draconians
  6 deep elf demonologists
  10 spark wasps
  2 mummy priests (Crypt:3)
  5 merfolk javelineers
  4 death oozes
  8 deep elf death magi
  4 eidola
  10 merfolk impalers
  11 ettins
  4 great orbs of eyes
  30 vault guards
  5 entropy weavers
  14 yaktaur captains
  9 fire dragons
  The ghost of Leszczynek the Cleaver, a journeyman HOAK of Lugonu (Lair:1)
  18 jiangshi
  6 deep elf high priests
  2 rakshasas
  12 ice dragons
  6 hydras
  9 death knights
  A spriggan air mage (Depths:2)
  11 centaur warriors
  3 merfolk avatars
  An anaconda (Lair:8)
  A satyr (Shoals:4)
  A spectral fire giant (Crypt:3)
  14 ogre magi
  27 dancing weapons
  An alligator snapping turtle (Shoals:3)
  10 tengu warriors
  An alligator (Shoals:1)
  13 deep troll earth magi
  5 vampire magi
  4 merfolk aquamancers
  12 deep troll shamans
  7 orc high priests
  3 spriggan berserkers
  A shock serpent (shapeshifter) (Vaults:5)
  Urug (D:12)
  3 sun demons (Depths:5)
  6 hell knights
  18 deep elf knights
  3 fire crabs
  4 soul eaters
  A fire crab (shapeshifter) (Vaults:1)
  10 shadow wraiths
  3 iron trolls
  30 skeletal warriors
  2 unseen horrors (Vaults:1)
  5 flayed ghosts
  A shadow demon (Depths:5)
  10 sea snakes
  A kraken simulacrum (Shoals:4)
  35 deep trolls
  18 deep elf archers
  7 hill giants
  8 giant orange brains
  2 lindwurms (shapeshifter)
  A wolf spider zombie (Crypt:3)
  20 ironbrand convokers
  An obsidian statue (Depths:5)
  2 wizards
  7 phantasmal warriors
  An anaconda skeleton (Crypt:1)
  A shadow dragon zombie (Crypt:2)
  A tengu zombie (Vaults:4)
  13 orc knights
  23 harpies
  An orb spider (shapeshifter) (Depths:2)
  The ghost of Leszczynek the Cleaver, a novice HOAK of Lugonu (D:5)
  Pikel (D:9)
  64 ugly things
  62 deep elf magi
  2 shining eyes
  12 necromancers
  2 oklob plants
  15 griffons
  5 orb spiders
  A tengu skeleton (Vaults:4)
  30 wolf spiders
  7 manticores
  8 fauns
  4 orc sorcerers
  8 cyclopes
  6 hornets
  A salamander (shapeshifter) (Vaults:2)
  An elephant (shapeshifter) (Depths:2)
  14 elephants
  A human zombie (Vaults:4)
  7 water nymphs
  9 sirens
  2 eyes of devastation (Slime:5)
  7 moths of wrath
  18 vault sentinels
  2 frost giant skeletons (Crypt:2)
  2 ice statues (IceCv)
  3 black mambas
  A torpor snail (shapeshifter) (Vaults:5)
  2 orange demons (Depths:5)
  2 gargoyles
  A spiny frog (shapeshifter) (Vaults:1)
  14 spiny frogs
  2 torpor snails
  An emperor scorpion zombie (Crypt:1)
  7 komodo dragons
  A rime drake (shapeshifter) (Elf:1)
  53 yaktaurs
  15 freezing wraiths
  7 small abominations
  17 demonic crawlers
  A kobold demonologist (Vaults:3)
  A redback zombie (D:14)
  A yaktaur (shapeshifter) (D:15)
  2 hellwings (Depths:5)
  3 ice devils (Depths:5)
  2 tengu conjurers
  A death yak skeleton (Crypt:1)
  2 rime drakes (Lair:6)
  7 guardian mummies (Crypt:3)
  8 trolls
  A queen bee (Lair:7)
  27 merfolk
  A giant leech (shapeshifter) (Vaults:5)
  2 polar bears
  A queen bee (shapeshifter) (Vaults:2)
  7 wind drakes
  A polar bear (shapeshifter) (Depths:1)
  12 jumping spiders
  28 two-headed ogres
  A merfolk (shapeshifter) (Vaults:5)
  A two-headed ogre (shapeshifter) (Elf:3)
  8 blink frogs
  A hornet zombie (D:15)
  A fire dragon zombie (Crypt:1)
  An ettin zombie (Crypt:2)
  2 bog bodies
  An alligator zombie (Crypt:1)
  78 slime creatures
  13 snapping turtles
  An ice dragon zombie (Crypt:1)
  A snapping turtle (shapeshifter) (Vaults:1)
  A fire giant simulacrum (Vaults:2)
  57 flying skulls
  A black mamba zombie (Crypt:3)
  7 shadows
  8 boulder beetles
  A redback (shapeshifter) (Vaults:5)
  5 spriggans
  20 tarantellas
  A centaur simulacrum (D:14)
  13 water elementals
  10 wraiths
  4 air elementals
  6 fire elementals
  68 redbacks
  4 hogs (Lair:5)
  6 golden eyes (Slime:5)
  38 yaks
  12 hippogriffs
  2 basilisks
  21 humans (D:13)
  A basilisk (shapeshifter) (Vaults:2)
  19 vampire mosquitoes
  2 mottled dragons
  19 wolves
  2 soldier ants
  A hill giant skeleton (Crypt:2)
  A soldier ant (shapeshifter) (Depths:3)
  A torturous demonspawn zombie (Crypt:1)
  24 water moccasins
  11 wargs
  A porcupine (shapeshifter) (Vaults:1)
  11 porcupines
  44 orc warriors
  26 ice beasts
  2 phantoms
  4 sky beasts
  6 necrophages
  A snapping turtle skeleton (Crypt:2)
  6 wasps
  21 centaurs
  65 ogres
  5 eyes of draining
  9 boggarts
  A rime drake zombie (Crypt:2)
  26 crocodiles
  3 big kobolds
  28 giant frogs
  4 earth elementals
  A dryad skeleton (Crypt:2)
  3 wyvern skeletons
  2 howler monkeys
  4 scorpions
  35 killer bees
  28 wights
  3 electric eels
  3 centaur zombies
  9 crimson imps
  5 hounds
  20 jellies
  41 orc priests
  4 giant frog skeletons
  4 centaur skeletons
  7 iron imps (Depths:5)
  Jessica (D:2)
  10 iguanas
  A demonspawn skeleton (Crypt:2)
  28 orc wizards
  A spriggan simulacrum (Crypt:3)
  11 worker ants
  A sheep (shapeshifter) (Depths:2)
  A killer bee zombie (D:10)
  37 sheep
  A dwarf zombie (Crypt:1)
  A big kobold zombie (Crypt:2)
  A dwarf skeleton (Crypt:2)
  A crocodile skeleton (Crypt:2)
  A demigod skeleton (Crypt:2)
  16 gnolls
  13 adders
  110 river rats
  A steam dragon skeleton (Crypt:1)
  3 shadow imps
  2 white imps (Depths:5)
  2 oozes (Lair:8)
  2 adder skeletons
  6 worms
  A dart slug (D:1)
  A giant gecko (D:1)
  124 orcs
  2 ball pythons
  6 giant cockroaches
  7 hobgoblins
  3 jackals (D:4)
  3 quokkas
  7 bats
  2 giant gecko zombies
  4 giant newts
  11 goblins
  A jackal zombie (Crypt:1)
  28 kobolds
  An orc zombie (Crypt:1)
  A quokka skeleton (D:6)
  4 rats
  2 bushes (Lair:2)
  5 crawling corpses
  11 fungi
  A lost soul (Crypt:2)
  44 plants
  6 tentacles
2849 creatures vanquished.

Vanquished Creatures (collateral kills)
  the Royal Jelly (Slime:6)
  Khufu (Crypt:3)
  Nikola (Depths:1)
  5 acid blobs
  A death cob (Zot:5)
  Kirke (Lair:5)
  An azure jelly (Slime:6)
  A frost giant (Shoals:4)
  An orc warlord (D:12)
  Ilsuiw (Shoals:3)
  A ghost moth (Spider:4)
  Maud (Lair:5)
  2 emperor scorpions (Spider:4)
  A stone giant (Depths:1)
  A black draconian (Zot:5)
  A white draconian (Zot:4)
  A deep elf annihilator (Elf:3)
  A deep elf demonologist (Elf:3)
  A spark wasp (Spider:4)
  An ettin (Depths:1)
  A deep elf death mage (Elf:3)
  A merfolk javelineer (Shoals:4)
  2 merfolk impalers (Shoals:4)
  A death ooze (Slime:6)
  A fire dragon (Depths:1)
  A yaktaur captain (Vaults:5)
  An entropy weaver (Depths:2)
  2 satyrs (Shoals:4)
  3 merfolk aquamancers (Shoals:4)
  3 ogre magi
  4 merfolk avatars
  A deep troll shaman (Vaults:1)
  3 sea snakes
  4 skeletal warriors
  A deep troll (Vaults:1)
  A harpy (Shoals:1)
  3 deep elf magi
  11 orb spiders
  A moth of wrath (Spider:4)
  4 hornets
  8 wolf spiders
  A faun (Shoals:2)
  A cyclops (Shoals:4)
  A siren (Shoals:4)
  3 demonic crawlers
  8 merfolk
  7 jumping spiders
  A tengu conjurer (Depths:2)
  12 tarantellas
  20 redbacks
  A hog (Lair:5)
  A porcupine (Lair:5)
  A sky beast (D:12)
  4 orc warriors (Orc:1)
  A centaur (Shoals:4)
  3 orcs (Orc:1)
  A plant (Shoals:4)
148 creatures vanquished.

Vanquished Creatures (others)
  A vault warden (Vaults:5)
  A stone giant (Vaults:5)
  A merfolk javelineer (Shoals:4)
  A vault guard (Vaults:5)
  5 yaktaur captains
  An iron troll (Depths:1)
  6 deep elf archers
  3 fauns (Shoals:1)
  A hornet (Spider:4)
  Joseph (D:7)
  10 yaktaurs
  A rime drake (shapeshifter) (Depths:1)
  2 merfolk (Shoals:4)
  A slime creature (Vaults:2)
  A warg (Orc:2)
  An orc warrior (Vaults:1)
  3 slaves (D:9)
  A boggart (Elf:1)
  5 centaurs
  6 ogres (Depths:1)
  A hound (D:9)
  An orc wizard (D:9)
  An orc priest (D:9)
  5 orcs (D:9)
  A bush (Lair:8)
  13 fungi
  2 lost souls (Crypt:3)
  15 plants
  5 spectral weapons
  26 tentacles
  935 tentacle segments
1057 creatures vanquished.

Grand Total: 4054 creatures vanquished

Notes
Turn   | Place    | Note
--------------------------------------------------------------
     0 | D:1      | OkrshikAutist the Hill Orc Gladiator began the quest for the Orb.
     0 | D:1      | Reached XP level 1. HP: 18/18 MP: 1/1
   108 | D:1      | Reached XP level 2. HP: 9/25 MP: 2/2
   539 | D:1      | Reached skill level 5 in Axes
   960 | D:1      | Reached XP level 3. HP: 30/30 MP: 3/3
  1431 | D:2      | Noticed Jessica
  1553 | D:2      | Killed Jessica
  1553 | D:2      | Reached XP level 4. HP: 37/37 MP: 4/4
  2003 | D:2      | Reached XP level 5. HP: 42/42 MP: 5/5
  2391 | D:3      | Reached skill level 1 in Armour
  3539 | D:3      | Found a sacrificial altar of Ru.
  3665 | D:4      | Reached XP level 6. HP: 42/50 MP: 6/6
  3844 | D:4      | Found a staircase to the Ecumenical Temple.
  3863 | Temple   | Entered the Ecumenical Temple
  3910 | Temple   | Became a worshipper of Makhleb the Destroyer
  3988 | D:4      | Noticed a phantom
  4013 | D:4      | Killed a phantom
  4013 | D:4      | Reached XP level 7. HP: 56/56 MP: 7/7
  4196 | D:4      | Reached skill level 1 in Shields
  4661 | D:5      | Entered Level 5 of the Dungeon
  4701 | D:5      | Noticed Leszczynek's ghost (novice HOAK)
  5591 | D:6      | Reached skill level 5 in Armour
  5637 | D:6      | Found a white marble altar of Elyvilon.
  5782 | D:6      | Found a stormy altar of Qazlal.
  5838 | D:6      | Reached XP level 8. HP: 58/62 MP: 8/8
  5949 | D:6      | Found a blossoming altar of Fedhas.
  5958 | D:6      | Reached * piety under Makhleb
  6222 | D:7      | Found a burning altar of Makhleb.
  6893 | D:7      | Noticed Joseph
  6922 | D:7      | Killed Joseph
  6922 | D:7      | Reached skill level 5 in Fighting
  6922 | D:7      | Reached XP level 9. HP: 32/75 MP: 9/9
  6992 | D:7      | Got a warped silver ring
  7128 | D:7      | Reached skill level 6 in Fighting
  7209 | D:7      | Reached skill level 7 in Fighting
  7416 | D:8      | Reached ** piety under Makhleb
  7420 | D:8      | Reached skill level 8 in Fighting
  7560 | D:8      | Found an oddly glowing altar of Pakellas.
  7588 | D:8      | Identified the ring "Cyhaem" {*Tele Str+4 Slay-5} (You found it on level 7 of the Dungeon)
  8130 | D:8      | Reached skill level 10 in Axes
  8413 | D:5      | Killed Leszczynek's ghost
  8547 | D:5      | Reached XP level 10. HP: 88/88 MP: 10/10
  8595 | D:5      | Found a shadowy altar of Dithmenos.
  9009 | D:9      | Reached *** piety under Makhleb
  9236 | D:9      | Noticed a hill giant
  9254 | D:9      | Killed a hill giant
  9308 | D:9      | Noticed Pikel
  9319 | D:9      | Killed Pikel
  9386 | D:9      | Found a bloodstained altar of Trog.
  9454 | D:9      | Found a stormy altar of Qazlal.
 10072 | D:9      | Reached skill level 15 in Axes
 10110 | D:10     | Entered Level 10 of the Dungeon
 10173 | D:10     | Reached **** piety under Makhleb
 10493 | D:10     | Reached XP level 11. HP: 94/94 MP: 11/11
 10651 | D:11     | Found a staircase to the Lair.
 10653 | D:11     | Noticed an oklob plant
 10681 | D:11     | Found Rubisus's Book Shoppe.
 10813 | D:11     | Reached skill level 9 in Fighting
 11073 | D:11     | Noticed a manticore
 11086 | D:11     | Killed a manticore
 11086 | D:11     | Reached skill level 10 in Fighting
 11340 | D:11     | Noticed a cyclops
 11350 | D:11     | Killed a cyclops
 11587 | D:11     | Reached ***** piety under Makhleb
 11609 | D:11     | Killed an oklob plant
 11681 | Lair:1   | Entered Level 1 of the Lair of Beasts
 11693 | Lair:1   | Found a frozen archway.
 11704 | Lair:1   | Reached skill level 10 in Armour
 11789 | IceCv    | Entered an ice cave
 11908 | IceCv    | Reached XP level 12. HP: 106/106 MP: 12/12
 11959 | IceCv    | Noticed an ice dragon
 11962 | IceCv    | Noticed an ice dragon
 11971 | IceCv    | Killed an ice dragon
 11974 | IceCv    | Killed an ice dragon
 12037 | IceCv    | Got a scintillating bone amulet
 12055 | IceCv    | Identified the amulet "Goiveug" {Faith +Blink} (You found it in an ice cave)
 12208 | Lair:1   | Noticed Leszczynek's ghost (journeyman HOAK)
 12210 | Lair:1   | Noticed an eight-headed hydra
 12248 | D:11     | Killed a two-headed hydra
 12248 | D:11     | Reached skill level 1 in Evocations
 12710 | Lair:1   | Killed Leszczynek's ghost
 13497 | Lair:2   | Reached skill level 5 in Invocations
 14211 | Lair:2   | Noticed a five-headed hydra
 14220 | Lair:2   | Killed a one-headed hydra
 14220 | Lair:2   | Reached skill level 5 in Evocations
 14573 | Lair:3   | Found a shimmering altar of Xom.
 14900 | Lair:3   | Reached XP level 13. HP: 102/113 MP: 18/20
 15107 | Lair:3   | Reached skill level 10 in Invocations
 15455 | Lair:4   | Reached skill level 11 in Fighting
 15462 | Lair:4   | Reached skill level 12 in Fighting
 15462 | Lair:4   | Reached XP level 14. HP: 123/126 MP: 21/21
 15656 | Lair:4   | Found a staircase to the Shoals.
 15965 | Lair:5   | Noticed Maud
 15995 | Lair:5   | Killed Maud
 16859 | Lair:5   | Noticed Kirke
 16998 | Lair:5   | Reached skill level 15 in Armour
 17019 | Lair:5   | Reached ****** piety under Makhleb
 17576 | Lair:6   | Reached skill level 13 in Fighting
 17840 | Lair:6   | Found a hole to the Spider Nest.
 18157 | Lair:6   | Reached skill level 14 in Fighting
 19150 | Lair:8   | Entered Level 8 of the Lair of Beasts
 19253 | Lair:5   | Reached XP level 15. HP: 139/139 MP: 22/22
 19451 | Lair:5   | Killed Kirke
 19557 | Lair:8   | Found a staircase to the Slime Pits.
 20673 | Lair:8   | Reached skill level 5 in Shields
 21435 | D:12     | Reached skill level 10 in Shields
 21494 | D:12     | Found a staircase to the Orcish Mines.
 21552 | D:12     | Noticed Urug
 21568 | D:12     | Killed Urug
 22133 | Orc:1    | Entered Level 1 of the Orcish Mines
 22232 | Orc:1    | Noticed an orc warlord
 22526 | D:12     | Killed an orc warlord
 22627 | Orc:1    | Noticed an orc warlord
 22703 | D:12     | Killed an orc warlord
 23089 | Orc:1    | Got a crude chain mail
 23102 | Orc:1    | Identified the +4 chain mail of Defiance {rCorr Dex+8} (You found it on level 1 of the Orcish Mines)
 23227 | Orc:2    | Entered Level 2 of the Orcish Mines
 23228 | Orc:2    | Found Viahaclo's General Store.
 23349 | Orc:2    | Found Ateun's Food Emporium.
 23359 | Orc:2    | Found Ocrom's Assorted Antiques.
 23387 | Orc:2    | Found Untaune's Jewellery Shoppe.
 23394 | Orc:2    | Bought 2 fuming ruby potions for 59 gold pieces
 23417 | Orc:2    | Found a staircase to the Elven Halls.
 23554 | Orc:2    | Found a roughly hewn altar of Beogh.
 23567 | Orc:2    | Found Jihes's Gadget Boutique.
 23603 | Orc:2    | Found Xotzyis's Antique Armour Shoppe.
 23858 | Orc:2    | Found Vashiawk's Antique Weapon Boutique.
 23865 | Orc:2    | Reached XP level 16. HP: 147/147 MP: 25/25
 23881 | Orc:2    | Found Witau's Book Shoppe.
 24336 | Spider:1 | Entered Level 1 of the Spider Nest
 24336 | Spider:1 | Noticed Frances
 24350 | Spider:1 | Killed Frances
 25048 | D:13     | Found Noygo's General Store.
 25628 | D:13     | Found a gate to the Vaults.
 25672 | D:13     | Identified a scroll of acquirement
 25676 | D:13     | Got a faintly glowing broad axe
 25678 | D:13     | Identified the +4 broad axe of the Unspeakable One {flame, MR+} (You acquired it on level 13 of the Dungeon)
 26147 | D:14     | Reached skill level 5 in Dodging
 26638 | D:15     | Entered Level 15 of the Dungeon
 26701 | D:15     | Found a portal to a secret trove of treasure.
 26883 | D:15     | Found a radiant altar of Vehumet.
 27041 | D:15     | Found a staircase to the Depths.
 27617 | Spider:1 | Reached XP level 17. HP: 154/154 MP: 26/26
 27659 | Spider:1 | Noticed Louise
 27671 | Spider:1 | Killed Louise
 28195 | Spider:2 | Noticed Arachne
 28216 | Spider:2 | Killed Arachne
 28216 | Spider:2 | Reached skill level 10 in Dodging
 28741 | Spider:3 | Got a pitted hat
 28752 | Spider:3 | Identified the +0 hat of a Thousand Moons {rC+ Int+2 Slay+2} (You acquired it on level 3 of the Spider Nest)
 28761 | Spider:3 | Noticed Asterion
 28777 | Spider:3 | Killed Asterion
 28948 | Spider:3 | Got a coiled wooden ring
 29192 | Spider:3 | Reached skill level 15 in Invocations
 29481 | Spider:4 | Entered Level 4 of the Spider Nest
 29582 | Spider:4 | Identified the ring of Atheism {*Drain rF- rC+++ MR+ Int+6} (You found it on level 3 of the Spider Nest)
 30193 | Spider:4 | Reached XP level 18. HP: 161/161 MP: 26/30
 30322 | Spider:4 | Got a gossamer rune of Zot
 30657 | Shoals:1 | Entered Level 1 of the Shoals
 30746 | Shoals:1 | Found a flickering gateway to a bazaar.
 30769 | Bazaar   | Entered a bazaar
 30778 | Bazaar   | Found Siseum's Antique Weapon Emporium.
 30791 | Bazaar   | Found Dorurr's Antique Weapon Shoppe.
 30806 | Bazaar   | Found Baiclito's Antique Armour Shoppe.
 30811 | Bazaar   | Bought a bronze chain mail for 266 gold pieces
 30822 | Bazaar   | Identified the cursed +1 chain mail of Ycaisol {Int+4 Dex+4} (You bought it in a shop in a bazaar)
 30841 | Bazaar   | Found User's Antique Armour Emporium.
 30864 | Bazaar   | Bought an embroidered cloak for 126 gold pieces
 33319 | Shoals:4 | Entered Level 4 of the Shoals
 33542 | Shoals:4 | Reached XP level 19. HP: 93/168 MP: 32/32
 33543 | Shoals:4 | Noticed Ilsuiw
 33573 | Shoals:3 | Killed Ilsuiw
 34228 | Shoals:4 | Found Zahaji's Assorted Antiques.
 34237 | Shoals:4 | Bought a pair of faintly glowing gloves for 294 gold pieces
 34282 | Shoals:4 | Identified the +1 pair of gloves of Protective Custody {Stlth+} (You bought it in a shop on level 4 of the Shoals)
 34788 | Shoals:4 | Reached skill level 15 in Fighting
 35290 | Shoals:4 | Reached skill level 16 in Fighting
 35415 | Shoals:4 | Got a barnacled rune of Zot
 35890 | Vaults:1 | Entered Level 1 of the Vaults
 35963 | Vaults:1 | Reached skill level 17 in Fighting
 36417 | Vaults:1 | Reached skill level 18 in Fighting
 36467 | Vaults:1 | HP: 8/179 [deep troll[an ironheart preserver] (13)]
 37078 | Vaults:1 | Reached XP level 20. HP: 189/189 MP: 33/33
 37103 | Vaults:1 | Got a pitted war axe
 37105 | Vaults:1 | Identified the cursed +0 war axe of Zin's Esteem {chop, +Blink Int+4} (You found it on level 1 of the Vaults)
 37407 | Vaults:1 | Reached skill level 19 in Fighting
 38590 | Vaults:2 | Found a staircase to the Crypt.
 38656 | Vaults:2 | Reached skill level 20 in Fighting
 38804 | Vaults:2 | Reached skill level 1 in Spellcasting
 39028 | D:11     | Bought a book of Enchantments for 600 gold pieces
 39035 | D:11     | Learned a level 6 spell: Haste
 39211 | Vaults:2 | Noticed Aizul
 39220 | Vaults:2 | Killed Aizul
 39220 | Vaults:2 | Reached skill level 1 in Charms
 39264 | Vaults:2 | Noticed Mennas
 39734 | Vaults:2 | Noticed Jorgrun
 39748 | Vaults:2 | Reached skill level 5 in Charms
 39751 | Vaults:2 | Killed Jorgrun
 39779 | Vaults:2 | Got a faintly glowing platinum ring
 40025 | Vaults:2 | Noticed Mara
 40043 | Vaults:2 | Noticed OkrshikAutist's illusion
 40051 | Vaults:2 | Killed Mara
 40115 | Vaults:2 | Reached XP level 21. HP: 201/201 MP: 34/34
 40167 | Vaults:2 | Identified the ring of Winter {rPois rC+ SInv} (You took it off a vault warden on level 2 of the Vaults)
 40246 | Vaults:2 | Gained mutation: You are clumsy. (Dex -2) [a neqoxec]
 40674 | Vaults:3 | Reached skill level 10 in Charms
 41838 | Vaults:4 | Noticed Saint Roka
 41871 | Vaults:4 | Killed Saint Roka
 41871 | Vaults:4 | Reached XP level 22. HP: 139/209 MP: 35/35
 42296 | Vaults:4 | Noticed Xtahua
 43515 | Depths:1 | Entered Level 1 of the Depths
 43689 | Depths:1 | Noticed Nikola
 44002 | D:15     | Reached skill level 15 in Charms
 44208 | Depths:1 | Killed Nikola
 44603 | Depths:1 | Found a gateway to Hell.
 45257 | Depths:2 | Noticed a golden dragon
 46038 | Depths:2 | Killed a golden dragon
 46997 | D:15     | Reached XP level 23. HP: 216/216 MP: 36/36
 47448 | D:15     | You paid a toll of a +3 shadow dragon armour to enter a treasure trove
 47449 | Trove    | Entered a treasure trove
 47497 | Trove    | Got a brightly glowing golden amulet
 47499 | Trove    | Got a scintillating golden amulet
 47524 | Trove    | Identified Sif Muna's Compendium of Good Luck
 47526 | Trove    | Identified Qupnig's Grimoire of Good Luck and Beguiling
 47528 | Trove    | Identified Sif Muna's Catalogue of Boosts
 47542 | Trove    | Gained mutation: Your mind is acute. (Int +2) [potion of beneficial mutation]
 47568 | D:15     | Identified the amulet of Metiolon {Faith rF+} (You found it in a treasure trove)
 47570 | D:15     | Identified the amulet of Hyikh {Dismiss rC+ SInv} (You found it in a treasure trove)
 47768 | Lair:2   | Learned a level 2 spell: Song of Slaying
 47772 | Lair:2   | Learned a level 3 spell: Spectral Weapon
 47776 | Lair:2   | Learned a level 3 spell: Regeneration
 48113 | Depths:2 | Found Issuwyck's Armour Shoppe.
 48152 | Depths:2 | Reached skill level 5 in Spellcasting
 48752 | Depths:2 | Reached skill level 10 in Spellcasting
 49248 | Depths:2 | Got a shimmering copper ring
 49250 | Depths:2 | Identified the ring "Vuwacar" {Wiz rPois} (You found it on level 2 of the Depths)
 49556 | Depths:3 | Noticed Margery
 49946 | Depths:3 | Killed Margery
 49981 | Depths:3 | Noticed Wiglaf
 49996 | Depths:3 | Killed Wiglaf
 50324 | Depths:3 | Found a one-way gate leading to the halls of Pandemonium.
 50556 | Depths:5 | Entered Level 5 of the Depths
 50687 | Depths:5 | Reached XP level 24. HP: 224/224 MP: 35/39
 51055 | Depths:5 | Found a gate to the Realm of Zot.
 52287 | Elf:1    | Entered Level 1 of the Elven Halls
 52418 | Elf:1    | Found Mozucuph's Assorted Antiques.
 52449 | Elf:1    | Bought a scroll of teleportation for 120 gold pieces
 52449 | Elf:1    | Bought a pair of glowing boots for 180 gold pieces
 52741 | Elf:1    | Found Couch's Gadget Shop.
 53370 | Elf:1    | Found Yntiq's Magic Scroll Emporium.
 53378 | Elf:1    | Bought a scroll of teleportation for 51 gold pieces
 53378 | Elf:1    | Bought 3 scrolls of blinking for 382 gold pieces
 53500 | Elf:1    | Found Nompe's Antique Weapon Emporium.
 54251 | Elf:2    | Noticed Norris
 54268 | Elf:2    | Killed Norris
 54277 | Elf:2    | Found a huge runed gate.
 54277 | Elf:2    | Found a huge runed gate.
 54277 | Elf:2    | Found a huge runed gate.
 54277 | Elf:2    | Found a huge runed gate.
 54281 | Elf:2    | Found a huge runed gate.
 55000 | Elf:3    | Entered Level 3 of the Elven Halls
 55048 | Elf:3    | Found a flickering gateway to a bazaar.
 55057 | Bazaar   | Entered a bazaar
 55064 | Bazaar   | Found Kiboib's Antique Armour Boutique.
 55082 | Bazaar   | Found Zijukkih's Book Shop.
 55128 | Bazaar   | Found Kauble's Distillery.
 55135 | Bazaar   | Bought a potion of might for 48 gold pieces
 55135 | Bazaar   | Bought a potion of resistance for 120 gold pieces
 55185 | Bazaar   | Found Cohag's Distillery.
 55193 | Bazaar   | Bought a potion of heal wounds for 65 gold pieces
 55197 | Bazaar   | Bought 2 potions of resistance for 260 gold pieces
 55197 | Bazaar   | Bought a potion of might for 52 gold pieces
 55197 | Bazaar   | Bought a potion of curing for 39 gold pieces
 55197 | Bazaar   | Bought a potion of might for 52 gold pieces
 55197 | Bazaar   | Bought a potion of curing for 39 gold pieces
 55197 | Bazaar   | Bought a potion of resistance for 130 gold pieces
 55222 | Bazaar   | Bought a twisted hat for 216 gold pieces
 55222 | Bazaar   | Bought a pair of embroidered boots for 108 gold pieces
 55232 | Bazaar   | Identified the +2 hat "Haele" {rCorr Int+3 Dex+3 Stlth+} (You bought it in a shop in a bazaar)
 55252 | Bazaar   | Identified a +1 pair of boots of running (You bought it in a shop in a bazaar)
 55303 | Bazaar   | Bought a potion of curing for 36 gold pieces
 55303 | Bazaar   | Bought a potion of curing for 36 gold pieces
 55303 | Bazaar   | Bought a potion of cure mutation for 300 gold pieces
 55646 | Elf:3    | Reached XP level 25. HP: 232/232 MP: 39/39
 55913 | Elf:3    | Reached skill level 15 in Dodging
 56093 | Elf:3    | Upgraded the game from 0.18-a0-1400-g0ef5d54 to 0.18-a0-1408-g69e564c
 56145 | Elf:3    | Got a vibrating golden ring
 56280 | Elf:3    | Identified the ring "Juojyt" {rN+ MR+ Int+7} (You took it off a deep elf mage on level 3 of the Elven Halls)
 56323 | Elf:3    | Got a brightly glowing chain mail
 56342 | Elf:3    | Got a jewelled chain mail
 56355 | Elf:3    | Identified the +6 chain mail of Impressiveness {rC+ Dex+3} (You found it on level 3 of the Elven Halls)
 56365 | Elf:3    | Identified the +0 chain mail of the Devil {-Cast rF+ Int+4} (You found it on level 3 of the Elven Halls)
 57210 | Crypt:1  | Entered Level 1 of the Crypt
 58197 | Crypt:2  | Noticed Sojobo
 58238 | Crypt:2  | Killed Sojobo
 59141 | Crypt:3  | Entered Level 3 of the Crypt
 59285 | Crypt:3  | Found an ancient bone altar of Kikubaaqudgha.
 59285 | Crypt:3  | Noticed Jory
 59350 | Crypt:3  | Killed Jory
 59487 | Crypt:3  | Reached skill level 5 in Hexes
 59497 | Crypt:3  | Reached XP level 26. HP: 239/239 MP: 33/39
 59643 | Crypt:3  | Got a brightly glowing scale mail
 59655 | Crypt:3  | Identified the +2 scale mail of the Forest {+Blink +Inv} (You found it on level 3 of the Crypt)
 60261 | Crypt:3  | Identified Pawatuy's Compendium of Earth
 60675 | Crypt:3  | Found a staircase to the Tomb.
 60675 | Crypt:3  | Noticed Khufu
 60694 | Crypt:3  | Killed Khufu
 60694 | Crypt:3  | Reached skill level 10 in Hexes
 60705 | Crypt:3  | Got a twisted chain mail
 60716 | Crypt:3  | Identified the cursed +0 chain mail "Mad Irhe" {rElec MR+} (You found it on level 3 of the Crypt)
 61443 | Lair:2   | Learned a level 5 spell: Silence
 61450 | Lair:2   | Learned a level 6 spell: Deflect Missiles
 61801 | Vaults:5 | Entered Level 5 of the Vaults
 61811 | Vaults:5 | Reached skill level 1 in Air Magic
 61851 | Vaults:5 | Reached skill level 5 in Air Magic
 61882 | Vaults:5 | Found Tyilacrest's Antique Armour Shop.
 61882 | Vaults:5 | Found Dupyboec's Gadget Shoppe.
 62078 | Vaults:5 | Found Safuggeg's General Store.
 62323 | Vaults:5 | Reached XP level 27. HP: 218/243 MP: 39/39
 62356 | Vaults:5 | Noticed an ancient lich
 62380 | Vaults:5 | Killed an ancient lich
 62396 | Vaults:5 | Reached skill level 10 in Air Magic
 62698 | Vaults:5 | Found Udaipo's Magic Scroll Shoppe.
 62725 | Vaults:5 | Bought a scroll of teleportation for 69 gold pieces
 62725 | Vaults:5 | Bought a scroll of holy word for 172 gold pieces
 62725 | Vaults:5 | Bought a scroll of enchant armour for 172 gold pieces
 62735 | Vaults:5 | Found Ydigutt's Magic Scroll Shop.
 62735 | Vaults:5 | Found Asie's Magic Scroll Emporium.
 62739 | Vaults:5 | Bought a scroll of acquirement for 1040 gold pieces
 62739 | Vaults:5 | Bought a scroll of enchant armour for 150 gold pieces
 62739 | Vaults:5 | Bought a scroll of holy word for 150 gold pieces
 62739 | Vaults:5 | Bought a scroll of summoning for 190 gold pieces
 62746 | Vaults:5 | Bought a scroll of holy word for 105 gold pieces
 62746 | Vaults:5 | Bought a scroll of holy word for 105 gold pieces
 62746 | Vaults:5 | Bought a scroll of teleportation for 42 gold pieces
 62772 | Vaults:5 | Found Cotoept's Distillery.
 62785 | Vaults:5 | Found Mowajec's Food Shop.
 62787 | Vaults:5 | Found Kostras's Magic Scroll Shoppe.
 62841 | Vaults:5 | Got a silver rune of Zot
 62850 | Vaults:5 | Found Sissy's Distillery.
 62861 | Vaults:5 | Found Kuufonoj's Food Boutique.
 63294 | Vaults:5 | Found Razem's Antique Weapon Shoppe.
 63539 | Vaults:5 | Found Emoff's Distillery.
 63544 | Vaults:5 | Bought a potion of cancellation for 96 gold pieces
 63591 | Vaults:5 | Bought a potion of mutation for 32 gold pieces
 63591 | Vaults:5 | Bought a potion of mutation for 32 gold pieces
 63591 | Vaults:5 | Bought a potion of curing for 39 gold pieces
 63591 | Vaults:5 | Bought a potion of curing for 39 gold pieces
 63591 | Vaults:5 | Bought 2 potions of curing for 78 gold pieces
 63591 | Vaults:5 | Bought a potion of curing for 39 gold pieces
 63591 | Vaults:5 | Bought a potion of curing for 39 gold pieces
 63605 | Vaults:5 | Bought 2 potions of might for 112 gold pieces
 63605 | Vaults:5 | Bought a potion of might for 56 gold pieces
 63605 | Vaults:5 | Bought 2 potions of curing for 84 gold pieces
 63605 | Vaults:5 | Bought a potion of cancellation for 112 gold pieces
 63605 | Vaults:5 | Bought a potion of agility for 56 gold pieces
 63605 | Vaults:5 | Bought a potion of agility for 56 gold pieces
 63963 | Lair:2   | Got a jewelled broad axe
 63964 | Lair:2   | Identified the +6 broad axe of the Ancients {chop, -Tele rF++ Int+4} (You acquired it on level 2 of the Lair of Beasts)
 64133 | Slime:1  | Entered Level 1 of the Pits of Slime
 64288 | Slime:3  | Gained mutation: You are weak. (Str -2) [a shining eye]
 64495 | Slime:5  | Reached skill level 21 in Fighting
 64535 | Slime:6  | Entered Level 6 of the Pits of Slime
 64773 | Slime:6  | Found a viscous altar of Jiyva.
 64773 | Slime:6  | Noticed the Royal Jelly
 64827 | Slime:6  | Killed the Royal Jelly
 64855 | Slime:6  | HP: 9/253 [acid (5)]
 65200 | Slime:6  | Reached skill level 22 in Fighting
 65218 | Slime:6  | Identified the Grimoire of Curses and the Birds
 65248 | Slime:6  | Identified the Disquisition on the Compass
 65252 | Slime:6  | Learned a level 1 spell: Apportation
 65293 | Slime:6  | Identified the Collected Works on Igneous Attacks
 65306 | Slime:6  | Got a slimy rune of Zot
 65575 | Lair:2   | Gained mutation: You are partially covered in iridescent scales (AC +4). [potion of mutation]
 65575 | Lair:2   | Gained mutation: Your mind is very acute. (Int +4) [potion of mutation]
 65575 | Lair:2   | Gained mutation: You are robust (+10% HP). [potion of mutation]
 65576 | Lair:2   | Gained mutation: Your flesh is heat resistant. [potion of mutation]
 65583 | Lair:2   | Gained mutation: You are very robust (+20% HP). [potion of beneficial mutation]
 65900 | Zot:1    | Entered Level 1 of the Realm of Zot
 65903 | Zot:1    | Noticed an orb of fire
 65906 | Zot:1    | Gained mutation: Your magical capacity is low (-10% MP). [an orb of fire]
 65911 | Zot:1    | Gained mutation: You are resistant to electric shocks. [an orb of fire]
 65919 | Zot:1    | Lost mutation: You are very robust (+20% HP). [an orb of fire]
 65923 | Zot:1    | Gained mutation: You regenerate slowly when monsters are visible. [an orb of fire]
 65939 | Zot:1    | Killed an orb of fire
 66300 | Zot:3    | Reached skill level 23 in Fighting
 66432 | Zot:4    | Noticed Tiamat
 67069 | Zot:4    | Killed Tiamat
 67253 | Zot:5    | Entered Level 5 of the Realm of Zot
 67274 | Zot:5    | Noticed an ancient lich
 67274 | Zot:5    | Noticed an ancient lich
 67275 | Zot:5    | Noticed an orb of fire
 67275 | Zot:5    | Noticed an orb of fire
 67275 | Zot:5    | Noticed an orb of fire
 67275 | Zot:5    | Noticed an orb of fire
 67278 | Zot:5    | Gained mutation: Your spells are a little easier to cast, but a little less powerful. [an orb of fire]
 67278 | Zot:5    | Gained mutation: You are very weak. (Str -4) [an orb of fire]
 67296 | Zot:5    | Gained mutation: You are very clumsy. (Dex -4) [an orb of fire]
 67307 | Zot:5    | Noticed an ancient lich
 67723 | Zot:4    | Reached skill level 24 in Fighting
 68488 | Zot:5    | Noticed an ancient lich
 68515 | Zot:5    | Killed an ancient lich
 68515 | Zot:5    | Reached skill level 25 in Fighting
 68607 | Zot:5    | Noticed an orb of fire
 68614 | Zot:5    | Lost mutation: Your mind is very acute. (Int +4) [an orb of fire]
 68636 | Zot:5    | Killed an orb of fire
 68963 | Zot:5    | Noticed an orb of fire
 68987 | Zot:5    | Gained mutation: Your body sometimes deteriorates upon taking damage. [an orb of fire]
 68990 | Zot:5    | Lost mutation: You are robust (+10% HP). [an orb of fire]
 68994 | Zot:5    | Gained mutation: Your spells are easier to cast, but less powerful. [an orb of fire]
 69008 | Zot:5    | Killed an orb of fire
 69019 | Zot:5    | Gained mutation: Scrolls take you a little longer to read. [an orb of fire]
 69043 | Zot:5    | Killed an orb of fire
 69055 | Zot:5    | Gained mutation: You are frail (-10% HP). [an orb of fire]
 69068 | Zot:5    | Gained mutation: You are very frail (-20% HP). [an orb of fire]
 69070 | Zot:5    | Lost mutation: You are very clumsy. (Dex -4) [an orb of fire]
 69096 | Zot:5    | Killed an orb of fire
 69109 | Zot:5    | Reached skill level 26 in Fighting
 69176 | Zot:5    | Lost mutation: Scrolls take you a little longer to read. [potion of mutation]
 69176 | Zot:5    | Gained mutation: You have sharp fingernails. [potion of mutation]
 69194 | Zot:5    | Gained mutation: You do not regenerate naturally when monsters are visible. [an orb of fire]
 69199 | Zot:5    | Gained mutation: Your magical capacity is very low (-20% MP). [an orb of fire]
 69230 | Zot:5    | Killed an orb of fire
 69322 | Zot:5    | Reached skill level 27 in Fighting
 69386 | Zot:5    | Gained mutation: Armour fits poorly on your strangely shaped body. [mutagenic glow]
 69407 | Zot:5    | Gained mutation: Your magical capacity is extremely low (-30% MP). [an orb of fire]
 69414 | Zot:5    | Gained mutation: Your body often deteriorates upon taking damage. [an orb of fire]
 69421 | Zot:5    | Killed an orb of fire
 69700 | Zot:5    | Killed an ancient lich
 69770 | Zot:5    | Lost mutation: You are very weak. (Str -4) [potion of cure mutation]
 69770 | Zot:5    | Lost mutation: You are weak. (Str -2) [potion of cure mutation]
 69770 | Zot:5    | Lost mutation: Your spells are easier to cast, but less powerful. [potion of cure mutation]
 69770 | Zot:5    | Lost mutation: You are very frail (-20% HP). [potion of cure mutation]
 69770 | Zot:5    | Lost mutation: Your mind is acute. (Int +2) [potion of cure mutation]
 69770 | Zot:5    | Lost mutation: You are frail (-10% HP). [potion of cure mutation]
 69919 | Zot:5    | Got the Orb of Zot
 70239 | Depths:1 | Noticed Syteodoh the pandemonium lord
 70681 | D:$      | Escaped with the Orb!

Vault maps used:
D:1:      dpeg_arrival_round_c
D:2:      serial_forest, infiniplex_forest_straight_5,
          infiniplex_forest_lined_2, infiniplex_forest_end_1,
          infiniplex_forest_straight_2, infiniplex_forest_clump_small,
          infiniplex_forest_lined_2, infiniplex_forest_lined_ring,
          infiniplex_forest_straight_4, serial_bayou_crossing, uniq_jessica
D:3:      minmay_door_path, first_bread, nicolae_ru_path_of_blood
D:4:      minmay_temple_entry_junction, serial_forest,
          infiniplex_forest_clump_medium, infiniplex_forest_straight_3,
          infiniplex_forest_lined_room_, infiniplex_forest_lined_2,
          infiniplex_forest_straight_1, infiniplex_forest_clump_small,
          infiniplex_forest_lined_3_way, infiniplex_forest_end_3
D:5:      nicolae_dithmenos_the_darkroom
D:6:      nicolae_qazlal_eye_of_the_storm, overflow_temple_1_default,
          fedhas_altar_2
D:7:      basic_altar, the_bakery, uniq_joseph
D:8:      grunt_pakellas_mercury, nicolae_two_hexagons
D:9:      basic_altar, trog_book, uniq_pikel
D:10:     nrook_pool_corridor
D:11:     dpeg_oklobed_lair, serial_shops, shop
D:12:     david_orc_4, uniq_urug
D:13:     grunt_vaults_entry_tiered, serial_shops, nicolae_shop_statue_plus,
          hangedman_aviary
D:14:     grunt_decor_fettered
D:15:     hangedman_depths_entry_civil_slaughter, nicolae_trove_entry_diagonal,
          minivault_14, basic_altar, item_on_display_a
Temple:   nicolae_temple_the_god_donut
Lair:1:   portal_ice_cave_entry_ice_beasts, grunt_megastairs_5,
          infiniplex_staircase_pool_2, lemuel_fruit_tree
Lair:3:   lemuel_oklob_altar, serial_bayou_shore_b
Lair:4:   minmay_shoals_entry_beasts
Lair:5:   beast_lair_carwin_9, grunt_megastairs_1, uniq_kirke, uniq_maud
Lair:6:   nicolae_spider_entry_non_spiders, grunt_forest_large_clearing_hut
Lair:7:   special_room
Lair:8:   due_jungle_book, nicolae_slime_entry_slimehenge, st_stairs_7,
          bh_autumn_forest_stairs
Shoals:1: serial_shops, bzr_entry_gold, nicolae_shoals_siren_and_animal_friends
Shoals:2: nicolae_shoals_cliffside_cave
Shoals:4: shoals_end_grunt_ice, shoals_ilsuiw_alternative, serial_shops,
          nicolae_shop_trees, nicolae_shoals_wave_tunnel
Spider:1: cheibrodos_spider_creepycove, special_room, uniq_louise, uniq_frances
Spider:2: uniq_arachne
Spider:3: uniq_asterion
Spider:4: spider_rune_water, nicolae_spider_shape
Slime:1:  cheibrodos_slime_lost_civilization_2,
          cheibrodos_slime_lost_civilization_5
Slime:3:  nicolae_slime_round_cave
Slime:5:  uniq_dissolution
Orc:1:    serial_shops, shop, minmay_orc_treasury
Orc:2:    st_orc_town, serial_shops, nicolae_shop_waterfront, shop, shop,
          nicolae_shop_overgrown_old_shop
Elf:1:    serial_shops, shop, shop, shop,
          nicolae_shop_competitors_out_of_business, hangedman_elf_disciples
Elf:2:    uniq_norris
Elf:3:    elf_hall, serial_shops, bzr_entry_islet
Vaults:1: ontoclasm_vaults_ring_large, vaults_standard_mumra_x, v_misc_18,
          vaults_dpeg_doors, st_more_cells, vaults_room_stairs_pillars,
          ontoclasm_vaults_idyll, nicolae_vaults_windows_and_doors_thing,
          nicolae_vaults_diagonal_hallway_7, v_misc_29,
          nicolae_vaults_rhombus_6, vaults_room_door_ring,
          hangedman_vaults_variations, nicolae_vaults_theta,
          nicolae_vaults_alarming
Vaults:2: v_rooms_2, vaults_room_hangedman_quadrants, vaults_dpeg_diagonal,
          ontoclasm_vaults_loading_screen, blue_anna_dwarven_crypt,
          vaults_room_door_hall, vaults_room_semicircle, v_pattern_2,
          hangedman_vaults_cutoff, hangedman_vaults_impose, v_misc_26,
          nicolae_vaults_yaktaur_gun_rack, nicolae_vaults_little_squares_5,
          nicolae_vaults_little_squares_3, uniq_mennas, uniq_mara, uniq_jorgrun,
          uniq_aizul
Vaults:3: nicolae_vaults_arrows, nicolae_vaults_diagonal_hallway_8,
          hangedman_vaults_trim, v_misc_16,
          vaults_standard_mumra_enter_the_diamond, ontoclasm_vaults_hangar,
          vaults_room_door_hall, v_misc_25, ontoclasm_vaults_chip,
          vaults_room_fours, ontoclasm_vaults_decontamination
Vaults:4: vaults_dpeg_spiral, vaults_mumra_hex, grunt_vaults_focal,
          hangedman_vaults_pinch, v_alt_pattern_2, vaults_room_pool,
          hangedman_vaults_cutoff, nicolae_vaults_diagonal_hallway_8,
          uniq_xtahua, uniq_saint_roka
Crypt:2:  uniq_sojobo
Crypt:3:  grunt_crypt_end_deaths_head, uniq_jory
Depths:1: hell_entry, corexii_corridor_pit, kennysheep_generic_room_13,
          grunt_megastairs_2, uniq_nikola
Depths:2: grunt_arcs, grunt_hell_entry_dis_mu, serial_shops,
          kennysheep_mini_moat, hangedman_abyss_or_decor_jellyfish_corner,
          minmay_pinched_square
Depths:3: wad_pebble_path, minmay_misc_feat_iff, hell_entry, pan_entry,
          minmay_staircase_windowed_small, uniq_margery, uniq_wiglaf
Depths:4: kennysheep_funnel, enter_ziggurat_a, serial_shops,
          nicolae_shop_window_shopping, marbit_kobold_abyss_entry, hell_entry,
          firewood_loft
Depths:5: grunt_zot_entry_bicorn, hangedman_glass_teeth, pan_entry,
          grunt_hell_entry_demonic_statue, lemuel_old_faithful
Zot:1:    grunt_zot_stairs_overgrown
Zot:4:    nicolae_lava_and_water, uniq_tiamat
Zot:5:    st_stairs_3
Bazaar:   bazaar_minmay_armour_weapon, bazaar_jpeg_ninerooms_5
Trove:    trove_garden
IceCv:    ice_cave_small_dragons

Skill      XL: |  1  2  3  4  5  6  7  8  9 10 11 12 13 14 15 16 17 18 19 20 21 22 23 24 25 26 27 |
---------------+----------------------------------------------------------------------------------+-----
Axes           | 5 6 7 8 11 15 16 18 | 18.2
Armour         | 3 4 5 8 11 12 13 15 17 18 20 21 | 21.4
Shields        | 4 14 | 14.0
Fighting       | 5 8 10 12 14 18 20 27 | 27.0
Invocations    | 9 10 13 17 19 | 19.0
Evocations     | 5 |  5.2
Dodging        | 8 10 14 16 | 16.0
Spellcasting   | 1 3 12 | 12.0
Charms         | 8 13 16 17 | 17.0
Hexes          | 5 11 | 11.0
Air Magic      | 8 12 | 12.1
Throwing       | |  1.7

Action                   |  1- 3 |  4- 6 |  7- 9 | 10-12 | 13-15 | 16-18 | 19-21 | 22-24 | 25-27 || total
-------------------------+-------+-------+-------+-------+-------+-------+-------+-------+-------++-------
Melee: War axe           |    85 |   216 |   181 |   879 |  1088 |       |       |       |       ||  2449
       Hand axe          |       |       |   253 |    14 |    18 |       |       |       |       ||   285
       Broad axe         |       |       |       |       |   344 |  1520 |  1491 |  1772 |  2977 ||  8104
Throw: Throwing net      |     3 |       |       |       |       |       |       |       |       ||     3
 Cast: Song of Slaying   |       |       |       |       |       |       |       |    11 |    18 ||    29
       Spectral Weapon   |       |       |       |       |       |       |       |     6 |       ||     6
       Haste             |       |       |       |       |       |       |       |    10 |    46 ||    56
       Regeneration      |       |       |       |       |       |       |       |       |    27 ||    27
       Silence           |       |       |       |       |       |       |       |       |     3 ||     3
       Deflect Missiles  |       |       |       |       |       |       |       |       |     1 ||     1
Invok: Greater Servant o |       |       |       |       |     4 |    18 |     9 |     8 |    19 ||    58
       Lesser Servant of |       |       |       |       |     1 |     2 |       |       |     1 ||     4
       Minor Destruction |       |       |       |       |       |     3 |       |       |       ||     3
Evoke: Wand              |       |       |     1 |     2 |     2 |       |       |       |    18 ||    23
  Use: Scroll            |       |     4 |     7 |    10 |    15 |    13 |    11 |    13 |    31 ||   104
       Potion            |       |       |     2 |       |     1 |     2 |     4 |     1 |     8 ||    18
 Stab: Held in net/web   |     2 |       |       |       |       |       |       |       |       ||     2
       Paralysed         |       |       |       |    13 |       |       |       |       |       ||    13
       Distracted        |       |       |       |       |     1 |     9 |     9 |     9 |     7 ||    35
       Confused          |       |       |       |       |       |     3 |     2 |       |     2 ||     7
  Eat: Chunk             |     2 |     7 |     8 |    21 |    31 |    31 |    25 |    42 |    19 ||   186
       Royal jelly       |       |       |     1 |       |       |       |       |       |       ||     1
       Fruit             |       |       |     1 |       |       |       |       |     1 |       ||     2
       Meat ration       |       |       |     1 |       |       |     1 |     1 |     2 |    13 ||    18
       Pizza             |       |       |       |       |       |       |     1 |       |       ||     1
